 Dungeon Crawl Stone Soup version 0.21.1-1-g345015f (webtiles) character file.

6934 zerrissenhiet the Blocker (level 11, -4/61 HPs)
             Began as a Gargoyle Fighter on July 4, 2018.
             Was a Priest of Cheibriados.
             Slain by a guardian serpent (6 damage)
             ... on level 9 of the Dungeon.
             The game lasted 00:41:14 (10140 turns).

zerrissenhiet the Blocker (Gargoyle Fighter)       Turns: 10140, Time: 00:41:14

Health: -4/61      AC: 17    Str: 25    XL:     11   Next: 7%
Magic:  11/11      EV: 12    Int: 16    God:    Cheibriados [***...]
Gold:   338        SH: 15    Dex: 18    Spells: 10/10 levels left

rFire    x . .     SeeInvis .   g - +2 flail (holy)
rCold    + . .     Gourm    .   c - +1 shield
rNeg     + . .     Faith    .   z - +2 leather armour {rPois}
rPois    ∞         Spirit   .   y - +1 helmet
rElec    +         Reflect  .   b - +0 cloak
rCorr    .         Harm     .   (no gloves)
MR       .....                  (no boots)
Stlth    +.........             (no amulet)
HPRegen  0.20/turn              j - ring of ice
MPRegen  0.12/turn              i - ring of wizardry

@: slowed, very slow
A: big wings, repulsion field 1, blink, negative energy resistance 1,
electricity resistance, unbreathing, petrification resistance, rot immunity, AC
+8
a: Fly, Blink, Bend Time, Temporal Distortion, Renounce Religion


You were on level 9 of the Dungeon.
You worshipped Cheibriados.
Cheibriados was most pleased with you.
You were not hungry.

You visited 2 branches of the dungeon, and saw 11 of its levels.

You collected 458 gold pieces.
You spent 120 gold pieces at shops.

Inventory:

Hand Weapons
 d - a +2 mace
 g - a +2 flail of holy wrath (weapon)
 l - a +0 flail of distortion
Armour
 b - a +0 cloak (worn)
 c - a +1 shield (worn)
 y - a +1 helmet (worn)
 z - a +2 leather armour of poison resistance (worn)
Jewellery
 i - a ring of wizardry (right hand)
 j - a ring of ice (left hand)
Wands
 s - a wand of acid (10)
 v - a wand of iceblast (22)
Scrolls
 a - a scroll of teleportation
 h - a scroll of magic mapping
 k - 5 scrolls of remove curse
 r - 4 scrolls of identify
 t - a scroll of silence {unknown}
 u - a scroll of fog {unknown}
 w - 3 scrolls of amnesia
Potions
 e - 3 potions of flight
 m - a potion of curing
 n - a potion of lignification
 o - 3 potions of agility
 p - a potion of cancellation
 A - a potion of resistance
Comestibles
 f - 12 rations


   Skills:
 - Level 4.0 Fighting
 + Level 9.6 Maces & Flails
 + Level 8.4 Armour
 - Level 0.1 Dodging
 * Level 12.8 Shields


You had 10 spell levels left.
You didn't know any spells.

Dungeon Overview and Level Annotations

Branches:
Dungeon (10/15)            Temple (1/1) D:5
   Lair: D:8-11         Orc: D:9-12

Altars:
Cheibriados
Dithmenos
Fedhas
Hepliaklqana
Makhleb
Nemelex Xobeh
Okawaru
Qazlal
Ru
Sif Muna
Uskayaw
Xom
Yredelemnul
The Shining One

Shops:
D:4 =:   D:5 (   D:6 !   D:10 *


Innate Abilities, Weirdness & Mutations

You are resistant to torment.
Your stone body is resilient. (AC +8)
You are immune to poison.
You resist negative energy. (rN+)
You are resistant to electric shocks. (rElec)
You can survive without breathing.
You are immune to petrification.
You are immune to rotting.
Your large and strong wings let you fly indefinitely.
You are surrounded by a mild repulsion field. (EV +2)
You can translocate small distances at will.


Message History

You block the guardian serpent's attack.
The guardian serpent hits you but does no damage.
You hit the guardian serpent but do no damage.
The guardian serpent is almost dead.
The guardian serpent hits you!
* * * LOW HITPOINT WARNING * * *
The guardian serpent coils itself and waves its upper body at you.
The bolt of poison hits you! You resist.
You barely miss the guardian serpent.
The guardian serpent is almost dead.
The guardian serpent hits you.
* * * LOW HITPOINT WARNING * * *
The guardian serpent casts a spell at you.
The bolt of poison hits you! You resist.
You closely miss the guardian serpent.
The guardian serpent is almost dead.
The guardian serpent hits you.
* * * LOW HITPOINT WARNING * * *
The guardian serpent hits you.
You die...

##..........)..#
####...#
#.............##
#.......
#..........####
......>..
##......####
.......... #....###
#......... ###..###
#.........
###..########
##........
##..##....# #........
##...@...# ########
#....S...# ########
##.......####......##
##......##...####...
##..#..###### ###.
###...# ## .### ####.
.# ##.... #..###


You could see a guardian serpent.

Vanquished Creatures
  2 two-headed ogres (D:7)
  The ghost of NewPlayer the Basher, a novice OgWn of Okawaru (D:7)
  Pikel (D:9)
  Maurice (D:9)
  The ghost of eides the Stinger, a novice NaVM (D:4)
  2 trolls
  Grum (D:9)
  3 ice beasts
  A necrophage (D:8)
  A slave (D:9)
  4 wolves (D:9)
  3 centaurs
  3 ogres
  A bullfrog (D:8)
  A wyvern zombie (D:8)
  A wyvern skeleton (D:3)
  A water moccasin zombie (D:9)
  5 scorpions
  4 wights (D:8)
  3 howler monkeys
  2 crimson imps
  2 jellies
  2 hounds (D:6)
  10 orc wizards
  An orc priest (D:8)
  2 bullfrog skeletons (D:5)
  2 centaur skeletons
  Ijyb (D:3)
  2 worker ants
  2 iguanas
  2 killer bee zombies
  Robin (D:3)
  3 gnolls (D:8)
  14 adders
  2 river rats (D:4)
  3 shadow imps
  An ooze (D:5)
  An adder zombie (D:6)
  2 adder skeletons
  2 worms
  A dart slug (D:4)
  6 leopard geckos
  32 orcs
  10 bats
  3 giant cockroaches
  13 hobgoblins
  2 jackals (D:2)
  5 kobolds
  5 quokkas
  4 frilled lizards
  11 goblins
  A jackal skeleton (D:6)
  A quokka skeleton (D:4)
  A quokka zombie (D:6)
  10 rats
202 creatures vanquished.

Vanquished Creatures (others)
  A guardian serpent (D:9)
  A sky beast (D:6)
  A big kobold (D:9)
  A wight (D:8)
  A jelly (D:8)
  A quasit (D:8)
  A worker ant zombie (D:5)
  A gnoll (D:8)
  An adder zombie (D:6)
  2 kobolds (D:9)
  11 plants
22 creatures vanquished.

Grand Total: 224 creatures vanquished

Notes
Turn   | Place    | Note
-------+----------+-------------------------------------------
     0 | D:1      | zerrissenhiet the Gargoyle Fighter began the quest for the Orb.
     0 | D:1      | Reached XP level 1. HP: 14/14 MP: 1/1
    85 | D:1      | Reached XP level 2. HP: 19/19 MP: 2/2
   905 | D:2      | Reached skill level 4 in Shields
   905 | D:2      | Reached XP level 3. HP: 8/23 MP: 3/3
  1147 | D:2      | Found an iron altar of Okawaru.
  1689 | D:3      | Reached XP level 4. HP: 28/28 MP: 4/4
  1777 | D:3      | Noticed Ijyb
  1843 | D:3      | Killed Ijyb
  1843 | D:3      | Reached skill level 5 in Shields
  1908 | D:3      | Reached XP level 5. HP: 33/33 MP: 5/5
  2717 | D:3      | Noticed Robin
  2735 | D:3      | Reached XP level 6. HP: 38/38 MP: 6/6
  2764 | D:3      | Killed Robin
  2764 | D:3      | Reached skill level 6 in Shields
  3019 | D:4      | Found Kunn's Jewellery Emporium.
  3153 | D:4      | Noticed eides's ghost (novice NaVM)
  3205 | D:4      | Found Opoytel's Book Shoppe.
  3565 | D:4      | Killed eides's ghost
  3565 | D:4      | Reached skill level 5 in Armour
  3565 | D:4      | Reached skill level 7 in Shields
  3565 | D:4      | Reached XP level 7. HP: 35/43 MP: 7/7
  4096 | D:5      | Entered Level 5 of the Dungeon
  4210 | D:5      | Reached skill level 8 in Shields
  4318 | D:5      | Reached XP level 8. HP: 46/48 MP: 8/8
  4850 | D:5      | Found Coxenise's Antique Weapon Shop.
  5125 | D:5      | Found a staircase to the Ecumenical Temple.
  5131 | Temple   | Entered the Ecumenical Temple
  5140 | Temple   | Became a worshipper of Cheibriados the Contemplative
  5337 | D:6      | Found a sparkling altar of Nemelex Xobeh.
  5575 | D:6      | Reached skill level 9 in Shields
  5700 | D:6      | Reached skill level 5 in Maces & Flails
  5944 | D:6      | Found Meskuren's Distillery.
  5952 | D:6      | Bought 2 potions of heal wounds for 120 gold pieces
  6460 | D:7      | Reached * piety under Cheibriados
  6514 | D:7      | Noticed NewPlayer's ghost (novice OgWn)
  6546 | D:7      | Reached XP level 9. HP: 27/52 MP: 9/9
  6559 | D:7      | Killed NewPlayer's ghost
  6559 | D:7      | Reached skill level 10 in Shields
  7457 | D:8      | Noticed a two-headed ogre
  7474 | D:7      | Killed a two-headed ogre
  7574 | D:8      | Reached XP level 10. HP: 56/56 MP: 10/10
  7618 | D:8      | You fall through a shaft for 2 floors!
  7618 | D:10     | Entered Level 10 of the Dungeon
  7618 | D:10     | Found Bohu's General Store.
  7699 | D:10     | Reached skill level 11 in Shields
  7972 | D:9      | Noticed Grum
  7982 | D:9      | Killed Grum
  7982 | D:9      | Reached ** piety under Cheibriados
  8007 | D:9      | Noticed a guardian serpent
  8184 | D:8      | Noticed a two-headed ogre
  8405 | D:8      | Noticed a two-headed ogre
  8422 | D:7      | Killed a two-headed ogre
  8422 | D:7      | Reached skill level 12 in Shields
  8877 | D:8      | Reached *** piety under Cheibriados
  9134 | D:9      | Banished a guardian serpent
  9399 | D:9      | Noticed Pikel
  9416 | D:9      | Killed Pikel
  9602 | D:9      | Reached XP level 11. HP: 45/61 MP: 11/11
 10018 | D:9      | Noticed Maurice
 10045 | D:9      | Killed Maurice
 10079 | D:9      | Gained mutation: You can translocate small distances at will. [potion of mutation]
 10079 | D:9      | Gained mutation: Your large and strong wings let you fly indefinitely. [potion of mutation]
 10079 | D:9      | Gained mutation: You are surrounded by a mild repulsion field. (EV +2) [potion of mutation]
 10140 | D:9      | HP: 2/61 [guardian serpent (6)]
 10140 | D:9      | Slain by a guardian serpent

Skill      XL: |  1  2  3  4  5  6  7  8  9 10 |
---------------+-------------------------------+-----
Shields        | 4 5 7 8 9 10 12 | 12.8
Armour         | 4 5 6 7 8 |  8.4
Fighting       | 4 |  4.0
Maces & Flails | 3 5 7 9 |  9.6
Dodging        | |  0.1

Action                   |  1- 3 |  4- 6 |  7- 9 | 10-12 || total
-------------------------+-------+-------+-------+-------++-------
Melee: Flail             |    99 |     7 |   200 |   236 ||   542
       Whip              |    27 |   337 |    78 |       ||   442
       Unarmed           |       |     9 |       |       ||     9
       Mace              |       |       |       |    32 ||    32
  Use: Scroll            |     5 |     6 |     2 |     5 ||    18
       Potion            |       |       |     1 |     6 ||     7
  Eat: Chunk             |     3 |     1 |     2 |       ||     6
       Ration            |       |     1 |     4 |     1 ||     6
Armor: Scale mail        |    48 |   139 |   131 |    71 ||   389
       Leather armour    |       |       |       |    24 ||    24
Dodge: Dodged            |    29 |    61 |    58 |    65 ||   213
Block: Shield            |    55 |   183 |   145 |   202 ||   585
